Map: World of Sleepers LE

Players

TKingBSer - Winner!

  • Race: Protoss Protoss
  • League: Diamond
  • Spawn Location: 7:00

Apex

  • Race: Zerg Zerg
  • League: Diamond
  • Spawn Location: 1:00

VOD

Have the link to the VOD?

Description

Time

  • Played on: Aug. 20, 2019, 1:22 p.m.
  • Length: 6:07
Show
View Real Time Build Order
Export as new Build Order

TKingBSer Protoss - Winner!

Build Orders:  

Get SALT Encoding   

  12  0:03  Probe  
  13  0:15  Probe  
  14  0:27  Pylon  
  14  0:29  Probe  
  14  0:31  Assimilator  
  15  0:45  Probe  
  15  0:48  Gateway  
  16  0:54  Probe  
  16  1:02  Probe  
  17  1:07  Pylon  
  18  1:11  Probe  
  19  1:23  Probe  
  20  1:38  Zealot, Cybernetics Core  
  22  1:41  Probe  
  22  1:44  Assimilator  
  23  1:53  Probe  
  24  1:56  Warp Gate  
  24  2:03  Pylon  
  24  2:07  Probe  
  25  2:15  Stalker  
  27  2:26  Robotics Facility  
  27  2:39  Gateway  
  27  2:44  Pylon  
  27  2:48  Sentry  
  27  2:49  Gateway  
  29  2:57  Gateway  
  29  3:12  Stargate  
  29  3:45  Sentry, Zealot x2  
  35  3:50  Pylon  
  35  3:54  Pylon  
  35  3:55  Stalker  
  37  4:11  Pylon  
  37  4:14  Sentry, Stalker  
  37  4:15  Zealot  
  43  4:23  Gateway  
  43  4:24  Pylon  
  43  4:33  Sentry  
  45  4:45  Pylon  
  45  4:49  Sentry, Zealot x2  
  51  5:03  Zealot  
  53  5:13  Robotics Facility  
  53  5:15  Sentry, Stalker  
  53  5:17  Sentry  
  59  5:23  Zealot  
  61  5:41  Pylon  
  59  5:44  Pylon  
  57  6:00  Zealot x2  
  57  6:01  Zealot  
  57  6:02  Sentry  
  57  6:04  Sentry  
Show
View Real Time Build Order
Export as new Build Order

Apex Zerg 

Build Orders: Hatch First 

Get SALT Encoding   

  12  0:02  Drone  
  13  0:12  Overlord  
  13  0:19  Drone  
  14  0:31  Drone x2  
  16  0:51  Drone  
  16  0:56  Drone  
  18  0:58  Hatchery  
  18  0:59  Drone  
  18  1:02  Extractor  
  17  1:17  Spawning Pool  
  16  1:21  Drone  
  16  1:23  Drone  
  18  1:28  Drone  
  19  1:47  Overlord  
  19  1:53  Drone  
  20  2:02  Drone  
  21  2:10  Zergling x2  
  21  2:11  Queen x2  
  21  2:13  Metabolic Boost  
  26  2:29  Drone  
  27  2:30  Zergling x4  
  29  2:43  Overlord  
  29  2:45  Drone  
  29  2:46  Drone x2  
  32  3:03  Drone x2  
  34  3:23  Drone x2  
  34  3:24  Overlord x3  
  36  3:28  Hatchery  
  35  3:35  Drone  
  35  3:36  Overlord  
  36  3:47  Spore Crawler x2  
  34  3:49  Lair  
  34  3:52  Drone x3  
  34  3:53  Drone x2  
  39  4:10  Extractor  
  39  4:11  Roach Warren  
  39  4:13  Drone x3, Extractor  
  39  4:19  Drone x2  
  39  4:20  Drone  
  42  4:29  Zergling x2  
  42  4:30  Zergling x4  
  44  4:34  Zergling x4  
  46  4:41  Zergling x2  
  46  4:45  Queen  
  49  4:53  Zergling x2  
  49  4:54  Zergling x12  
  55  5:08  Zergling x10  
  55  5:13  Baneling Nest  
  59  5:24  Zergling x2  
  59  5:25  Overlord x2  
  59  5:26  Overlord x2  
  56  5:36  Zergling x10  
Tags
 
Add a new tag
Caveats
  • Supply blocks, unpowered buildings, or Contaminate may cause inaccurate times.
  • Supply counts are checked every 10 seconds.